 Dungeon Crawl Stone Soup version 0.30.1-3-gfc49f6343a (webtiles) character file.

Game seed: 5580820968995704550

27 Gorgoleon the Firebug (level 2, -2/15 HPs)
             Began as a Deep Elf Fire Elementalist on July 20, 2023.
             Slain by an orc
             ... wielding a +0 hand axe
              (5 damage)
             ... on level 1 of the Dungeon.
             The game lasted 00:03:37 (904 turns).

Gorgoleon the Firebug (Deep Elf Fire Elementalist)   Turns: 904, Time: 00:03:38

Health: -2/15      AC:  2    Str:  5    XL:     2   Next: 93%
Magic:  7/8        EV: 13    Int: 19    God:
Gold:   20         SH:  0    Dex: 15    Spells: 4/7 levels left

rFire   . . .        d - +0 club
rCold   . . .        (no shield)
rNeg    . . .        a - +0 robe
rPois   .            (no helmet)
rElec   .            (no cloak)
rCorr   .            (no gloves)
SInv    .            (no boots)
Will    .....        (no amulet)
Stlth   ++           (no ring)
HPRegen 0.22/turn    (no ring)
MPRegen 0.11/turn

%: no passive effects
@: no status effects
A: no striking features
a: no special abilities


You were on level 1 of the Dungeon.
You visited 1 branch of the dungeon, and saw 2 of its levels.

You collected 20 gold pieces.

Inventory:

Hand Weapons
 d - a +0 club (weapon)
Armour
 a - a +0 robe (worn)
Scrolls
 e - a scroll of enchant armour {unknown}
 g - a scroll of identify {unknown}
Potions
 b - a potion of magic
 c - 2 potions of curing {unknown}
 f - 2 potions of degeneration {unknown}


   Skills:
 * Level 2.9 Dodging
 - Level 2.4 Stealth
 - Level 3.0 Spellcasting
 * Level 1.8 Conjurations
 + Level 4.0 Fire Magic


You had 4 spell levels left.
You knew the following spells:

 Your Spells              Type           Power      Damage    Failure   Level
a - Foxfire               Conj/Fire      56%        2x1d6     4%          1
b - Scorch                Fire           36%        2d6       4%          2

Your spell library contained the following spells:

 Spells                   Type           Power      Damage    Failure   Level
 Inner Flame              Hex/Fire       10%        N/A       21%         3
 Volatile Blastmotes      Fire/Tloc      20%        2d11      21%         3
 Flame Wave               Conj/Fire      14%        2d6       41%         4


Dungeon Overview and Level Annotations

Branches:
Dungeon (2/15)

Altars:


Message History

Casting: Foxfire (safe; 4% risk of failure)
Press: ? - help, Q - select action, (/) - cycle Dir - look around, f - activate You conjure some foxfire!
The foxfire hits the orc but does no damage.
The orc shouts!
The foxfire hits the orc but does no damage.
You hear a shout! x3
Casting: Foxfire (safe; 4% risk of failure)
Press: ? - help, Q - select action, (/) - cycle Dir - look around, f - activate You conjure some foxfire!
You hear a bark!
An orc comes into view. It is wielding a +0 hand axe.
The orc hits you with a +0 dagger.
An orc comes into view. It is wielding a +0 flail.
The foxfire hits the orc.
The orc is moderately wounded.
The foxfire hits the orc but does no damage.
The orc completely misses you. The orc hits you with a +0 hand axe.
You climb upwards.
There is a stone staircase leading down here.
The orc attacks as you move away! The orc barely misses you.
The orc hits you with a +0 dagger. The orc hits you with a +0 dagger.
The orc attacks as you move away! The orc hits you with a +0 hand axe.
The orc attacks as you move away! The orc misses you.
The orc attacks as you move away! The orc hits you with a +0 hand axe.
* * * LOW HITPOINT WARNING * * *
The orc attacks as you move away! The orc hits you with a +0 hand axe.
* * * LOW HITPOINT WARNING * * *
The orc attacks as you move away! The orc closely misses you.
Casting: Foxfire (safe; 4% risk of failure)
Press: ? - help, Q - select action, (/) - cycle Dir - look around, f - activate You conjure some foxfire!
The orc barely misses you.
You hit the orc but do no damage.
The foxfire hits the orc but does no damage.
The foxfire hits the orc.
The orc is moderately wounded.
The orc closely misses you. The orc hits you with a +0 hand axe.
You die...

........# #.# #.###
........###.# #.#
............# #.#####
###.#############.....#
#.# #...........###.#
#.# #...........###.#
#.###.............#.#
###.##.........o.§....#
.....>.........o@§.####
#............#.....#
♣♣♣
#.......#..#.#...###
#.♣♣ #..........#.#...#
#..♣♣
#......##.##.##.##
#...♣♣
#......##.##.....#
#....♣
#......##.########
##....♣♣
#.....#####.###
##......♣
#.....###.....##
##...†...♣


You could see 2 orcs.

Vanquished Creatures
  2 worms (D:1)
  2 ball pythons (D:1)
  4 endoplasms (D:1)
  2 giant cockroaches (D:1)
  A goblin (D:1)
  3 hobgoblins (D:1)
  A kobold (D:1)
  A frilled lizard (D:1)
  3 rats (D:1)
19 creatures vanquished.

Vanquished Creatures (others)
  68 foxfires
68 creatures vanquished.

Grand Total: 87 creatures vanquished

Notes
Turn   | Place    | Note
-------+----------+-------------------------------------------
     0 | D:1      | Gorgoleon the Deep Elf Fire Elementalist began the quest
                  | for the Orb.
     0 | D:1      | Reached XP level 1. HP: 10/10 MP: 6/6
   181 | D:1      | Reached XP level 2. HP: 15/15 MP: 5/8
   220 | D:1      | Learned a level 2 spell: Scorch
   547 | D:1      | Reached skill level 4 in Fire Magic
   904 | D:1      | Slain by an orc

Illustrated notes

Levels and vault maps discovered:
D:1:      kennysheep_arrival_forest, layout_basic, st_stairs_7,
          nicolae_wormholes
D:2:      layout_basic, uniq_natasha, uniq_jessica

Skill      XL: |  1  2 |
---------------+-------+-----
Fire Magic     | 4 |  4.0
Dodging        | |  2.9
Stealth        | |  2.4
Spellcasting   | |  3.0
Conjurations   | |  1.8

Action                     || total
---------------------------++-------
  Melee: Unarmed           ||     8
         Club              ||     5
   Cast: Foxfire           ||    37
 Armour: Robe              ||     2
  Dodge: Dodged            ||    19
